 Dungeon Crawl Stone Soup version 0.28-b1-1-g3c77fb2ed1 (webtiles) character file.

Game seed: 12188184284663373973

891 crazypyro the Cleaver (level 7, 0/60 HPs)
             Began as a Minotaur Fighter on Jan 30, 2022.
             Was an Initiate of Gozag.
             Slain by an eight-headed hydra (5 damage)
             ... on level 6 of the Dungeon.
             The game lasted 00:06:19 (4916 turns).

crazypyro the Cleaver (Minotaur Fighter)            Turns: 4916, Time: 00:06:21

Health: 0/60       AC: 14    Str: 22    XL:     7   Next: 77%
Magic:  6/6        EV:  7    Int:  5    God:    Gozag
Gold:   442        SH: 10    Dex: 16    Spells: 6/6 levels left

rFire   . . .      SeeInvis .   a - +1 war axe
rCold   . . .      Faith    .   c - +0 buckler
rNeg    . . .      Spirit   .   j - +0 plate armour
rPois   .          Reflect  +   (helmet restricted)
rElec   .          Harm     .   m - +0 cloak
rCorr   .          Rampage  .   t - +0 pair of gloves
Will    .....                   (no boots)
Stlth   ..........              q - amulet of reflection
HPRegen 0.20/turn               o - +6 ring of dexterity
MPRegen 0.10/turn               (no ring)

@: no status effects
A: horns 2, retaliatory headbutt
a: Renounce Religion, Potion Petition, Call Merchant, Bribe Branch


You were on level 6 of the Dungeon.
You worshipped Gozag.
Gozag was aware of your devotion.
You visited 2 branches of the dungeon, and saw 7 of its levels.

You collected 486 gold pieces.
You paid 44 gold pieces to Gozag.

Inventory:

Hand Weapons
 a - a +1 war axe (weapon)
Armour
 b - a +0 scale mail
 c - a +0 buckler (worn)
 j - a +0 plate armour (worn)
 m - a +0 cloak (worn)
 t - a +0 pair of gloves (worn)
Jewellery
 l - a ring of ice
 n - a +6 ring of intelligence
 o - a +6 ring of dexterity (left hand)
 q - an amulet of reflection (around neck)
Scrolls
 i - 2 scrolls of fog
 u - a scroll of magic mapping
 w - a scroll of identify
Potions
 d - a potion of might
 e - a potion of ambrosia
 f - a potion of heal wounds {unknown}
 g - 5 potions of curing
 h - 2 potions of lignification {unknown}
 k - 2 potions of haste {unknown}
 p - a potion of attraction {unknown}
 r - a potion of invisibility {unknown}
 v - a potion of brilliance {unknown}


   Skills:
 + Level 4.8 Fighting
 * Level 8.5 Axes
 + Level 5.0 Armour
 + Level 2.8 Dodging
 + Level 4.9 Shields


You had 6 spell levels left.
You didn't know any spells.
Your spell library contained the following spells:

 Spells                   Type           Power      Damage    Failure   Level
 Beastly Appendage        Tmut           0%         N/A       100%        1
 Wereblood                Tmut           0%         N/A       100%        2
 Spider Form              Tmut/Pois      0%         N/A       100%        3
 Summon Forest            Summ/Tloc      0%         N/A       100%        5
 Summon Mana Viper        Hex/Summ       0%         N/A       100%        5
 Summon Cactus Giant      Summ           0%         N/A       100%        6


Dungeon Overview and Level Annotations

Branches:
Dungeon (6/15)             Temple (1/1) D:4

Altars:
Ashenzari
Cheibriados
Dithmenos
Elyvilon
Fedhas
Gozag
Hepliaklqana
Kikubaaqudgha
Makhleb
Nemelex Xobeh
Okawaru
Ru
Sif Muna
Trog
Uskayaw
Vehumet
Wu Jian
Xom
Yredelemnul
Zin
The Shining One


Innate Abilities, Weirdness & Mutations

You have a pair of horns on your head.
You reflexively headbutt those who attack you in melee.


Message History

You now have 421 gold pieces (gained 17).
You now have 442 gold pieces (gained 21).
w - a scroll of identify
Found a stone staircase leading up.
i - 2 scrolls of fog (gained 1)
A six-headed hydra comes into view.
Blink to where?
Press: ? - help, Dir - move target
Found 3 boomerangs and 16 gold pieces.
As you read the scroll labelled ENLYDU YSHA, it crumbles to dust.
It was a scroll of blinking.
Found 30 stones.
You see here 16 gold pieces.
You see here 16 gold pieces.
You block the six-headed hydra's attack.
The six-headed hydra bites you but does no damage. x3
The six-headed hydra bites you!
You block the six-headed hydra's attack.
You lop one of the six-headed hydra's heads off!
The five-headed hydra grows two more!
You hit the seven-headed hydra.
The seven-headed hydra is lightly wounded.
The seven-headed hydra bites you. x2
The seven-headed hydra bites you but does no damage.
The seven-headed hydra bites you. x2
The seven-headed hydra bites you but does no damage.
The seven-headed hydra bites you!
You hack one of the seven-headed hydra's heads off!
The six-headed hydra grows two more!
You slash the eight-headed hydra!
The eight-headed hydra is lightly wounded.
The eight-headed hydra bites you.
The eight-headed hydra bites you but does no damage.
You block the eight-headed hydra's attack.
The eight-headed hydra bites you!
* * * LOW HITPOINT WARNING * * *
The eight-headed hydra bites you!
* * * LOW HITPOINT WARNING * * *
The eight-headed hydra bites you but does no damage.
The eight-headed hydra bites you.
You die...
Your body crumbles into a pile of gold.

..............D.
.##....#.######
#....#ยง#...
#....#........ .
#....###.######.#
#....###.# .#.#
#<.......####..(#
........D........
.....(.@.....##
####........##
+....$...+
#........#
#........#
######...# #...#
#####


You could see an eight-headed hydra.

Vanquished Creatures
  A water moccasin (D:5)
  A necrophage (D:5)
  A sky beast (D:5)
  A scorpion (D:5)
  A water moccasin zombie (D:5)
  A water moccasin skeleton (D:4)
  Crazy Yiuf (D:2)
  A jelly (D:4)
  2 orc priests
  A bullfrog skeleton (D:5)
  A hound (D:6)
  2 iguanas (D:5)
  A hound zombie (D:5)
  A howler monkey zombie (D:5)
  4 gnolls (D:2)
  A howler monkey skeleton (D:5)
  4 adders
  A white imp (D:5)
  An adder skeleton (D:4)
  2 worms
  3 dart slugs
  16 orcs
  4 ball pythons (D:1)
  8 endoplasms
  5 giant cockroaches
  7 goblins
  4 hobgoblins
  2 jackals (D:1)
  3 quokkas
  6 bats
  7 frilled lizards
  6 kobolds
  4 rats
104 creatures vanquished.

Vanquished Creatures (others)
  A fungus (D:2)
  A plant (D:5)
2 creatures vanquished.

Grand Total: 106 creatures vanquished

Notes
Turn   | Place    | Note
-------+----------+-------------------------------------------
     0 | D:1      | crazypyro the Minotaur Fighter began the quest for the Orb.
     0 | D:1      | Reached XP level 1. HP: 19/19 MP: 0/0
   245 | D:1      | Reached skill level 3 in Axes
   324 | D:1      | Reached XP level 2. HP: 26/26 MP: 1/1
   677 | D:1      | Reached skill level 4 in Axes
   970 | D:2      | Reached XP level 3. HP: 28/31 MP: 2/2
  1385 | D:2      | Found a runed translucent door.
  1386 | D:2      | Noticed Crazy Yiuf
  1466 | D:2      | Reached skill level 5 in Axes
  1466 | D:2      | Reached XP level 4. HP: 16/39 MP: 3/3
  2006 | D:2      | Killed Crazy Yiuf
  2007 | D:2      | Reached skill level 6 in Axes
  2307 | D:3      | Found a faded altar of an unknown god.
  2334 | D:3      | Reached XP level 5. HP: 43/45 MP: 4/4
  2605 | D:3      | Reached skill level 7 in Axes
  3015 | D:4      | Found a staircase to the Ecumenical Temple.
  3027 | Temple   | Entered the Ecumenical Temple
  3142 | Temple   | Became a worshipper of Gozag Ym Sagoz the Greedy
  3201 | D:4      | Reached XP level 6. HP: 47/52 MP: 5/5
  3522 | D:4      | Reached skill level 1 in Dodging
  3765 | D:5      | Entered Level 5 of the Dungeon
  3829 | D:5      | Noticed a sky beast
  3842 | D:5      | Killed a sky beast
  3926 | D:5      | Reached XP level 7. HP: 59/59 MP: 6/6
  4115 | D:5      | Reached skill level 8 in Axes
  4849 | D:6      | Reached skill level 5 in Armour
  4901 | D:6      | Noticed a six-headed hydra
  4916 | D:6      | Slain by an eight-headed hydra

Illustrated notes

Levels and vault maps discovered:
D:1:      lightli_arrival_isolated_outpost, layout_basic, serial_glass,
          glass_columns_a, glass_columns_a, item_on_display_a, solitary_fountain
D:2:      layout_rooms, serial_glass, glass_columns_a, glass_columns_b,
          minivault_5, uniq_crazy_yiuf_cottage
D:3:      layout_basic, ebering_ecumenical_altar_webs
D:4:      layout_basic, minmay_temple_entry_tees
D:5:      layout_cave_pools, serial_column_ruins, column_ruins_hut_pillars,
          column_ruins_hut_water, column_ruins_open_small,
          column_ruins_columns_straight, column_ruins_grid_3,
          column_ruins_columns_straight, serial_bayou_pond_b
D:6:      layout_basic, grunt_qazlal_clouds
Temple:   kilobyte_greek_temple

Skill      XL: |  1  2  3  4  5  6  7 |
---------------+----------------------+-----
Axes           | 3 4 5 6 7 8 |  8.5
Dodging        | 1 2 |  2.8
Fighting       | 4 |  4.8
Armour         | 4 5 |  5.0
Shields        | 4 |  4.9

Action                   |  1- 3 |  4- 6 |  7- 9 || total
-------------------------+-------+-------+-------++-------
Melee: War axe           |    73 |   104 |    51 ||   228
       Headbutt          |     8 |    20 |     9 ||    37
  Use: Scroll            |     2 |     4 |     3 ||     9
       Potion            |     1 |       |       ||     1
Armor: Scale mail        |    30 |       |       ||    30
       Plate armour      |    11 |    58 |    35 ||   104
Dodge: Dodged            |    25 |    25 |    14 ||    64
Block: Buckler           |    18 |    20 |    23 ||    61
